 Dungeon Crawl Stone Soup version 0.29-a0-911-g88e6f02907 (webtiles) character file.

Game seed: 16111178889870791023

58 leavemydog the Shield-Bearer (level 4, -8/41 HPs)
             Began as a Gnoll Fighter on July 25, 2022.
             Mangled by Menkaure (18 damage)
             ... on level 4 of the Dungeon.
             The game lasted 00:02:36 (2742 turns).

leavemydog the Shield-Bearer (Gnoll Fighter)        Turns: 2742, Time: 00:02:37

Health: -8/41      AC:  7    Str: 17    XL:     4   Next: 1%
Magic:  5/5        EV:  9    Int:  7    God:
Gold:   276        SH:  5    Dex: 12    Spells: 5/5 levels left

rFire   + . .      SeeInvis .   a - +0 war axe
rCold   . . .      Faith    .   c - +0 buckler
rNeg    . . .      Spirit   .   b - +0 scale mail
rPois   .          Reflect  .   (no helmet)
rElec   .          Harm     .   (no cloak)
rCorr   .          Rampage  .   (no gloves)
Will    .....                   (no boots)
Stlth   ..........              (no amulet)
HPRegen 0.13/turn               n - ring of protection from fire
MPRegen 0.09/turn               (no ring)

@: no status effects
A: fangs 1, strong nose, distributed training
a: no special abilities


You were on level 4 of the Dungeon.
You visited 1 branch of the dungeon, and saw 4 of its levels.

You collected 276 gold pieces.

Inventory:

Hand Weapons
 a - a +0 war axe (weapon)
Armour
 b - a +0 scale mail (worn)
 c - a +0 buckler (worn)
Jewellery
 n - a ring of protection from fire (left hand)
Scrolls
 f - 2 scrolls of fear {unknown}
 g - a scroll of fog {unknown}
 i - a scroll of identify {unknown}
 j - a scroll of poison {unknown}
 m - a scroll of vulnerability {unknown}
 q - a scroll of immolation {unknown}
 r - a scroll of magic mapping {unknown}
Potions
 d - 4 potions of might
 e - a potion of lignification {unknown}
 h - a potion of berserk rage {unknown}
 k - 3 potions of curing {unknown}
 l - 2 potions of brilliance {unknown}
 o - a potion of magic {unknown}
 p - 2 potions of mutation {unknown}


   Skills:
 + Level 6.6 Fighting
 + Level 1.0 Short Blades
 + Level 1.0 Long Blades
 + Level 4.6 Axes
 + Level 1.0 Maces & Flails
 + Level 1.0 Polearms
 + Level 1.0 Staves
 + Level 1.0 Ranged Weapons
 + Level 1.0 Throwing
 + Level 6.6 Armour
 + Level 1.0 Dodging
 + Level 1.0 Stealth
 + Level 6.6 Shields
 + Level 1.0 Unarmed Combat
 + Level 1.0 Spellcasting
 + Level 0.8 Conjurations
 + Level 0.8 Hexes
 + Level 0.8 Summonings
 + Level 0.8 Necromancy
 + Level 0.8 Translocations
 + Level 0.8 Transmutations
 + Level 0.8 Fire Magic
 + Level 0.8 Ice Magic
 + Level 0.8 Air Magic
 + Level 0.8 Earth Magic
 + Level 0.8 Poison Magic
 + Level 1.1 Invocations
 + Level 1.0 Evocations


You had 5 spell levels left.
You didn't know any spells.
Your spell library contained the following spells:

 Spells                   Type           Power      Damage    Failure   Level
 Freeze                   Ice            4%         1d3       75%         1
 Frozen Ramparts          Ice            2%         1d2       98%         3
 Hailstorm                Conj/Ice       1%         3d3       100%        4


Dungeon Overview and Level Annotations

Branches:
Dungeon (4/15)
 Temple: D:4-7

Altars:

Annotations:
D:4 Menkaure


Innate Abilities, Weirdness & Mutations

You have very sharp teeth.
Your uncanny sense of smell can sniff out nearby items.
Your experience applies equally to all skills.


Message History

You miss the adder. Your bite misses the adder.
The adder is heavily wounded.
The adder bites you but does no damage. x2
You barely miss the adder.
The adder is heavily wounded.
The adder bites you.
You are poisoned.
The adder poisons you!
You barely miss the adder.
The adder is heavily wounded.
You feel sick. The adder bites you but does no damage.
You block the adder's attack.
You closely miss the adder.
The adder is heavily wounded.
You feel sick.
The adder bites you but does no damage. x2
You slash the adder!
You kill the adder!
You feel sick.
You are no longer poisoned.
You have reached level 4!
You feel agile.
f - 2 scrolls labelled WOS REHUMAG (gained 1) Menkaure, Prince of Dust comes into view.
Menkaure shouts!
Menkaure is nearby!
Menkaure calls on the powers of darkness!
Your body is wracked with pain!
You slash Menkaure! You bite Menkaure, but do no damage.
Menkaure is moderately damaged.
Menkaure hits you!
* * * LOW HITPOINT WARNING * * *
You hit Menkaure but do no damage.
Menkaure is moderately damaged.
Menkaure casts a spell at you. Pain shoots through your body!
* * * LOW HITPOINT WARNING * * *
You hit Menkaure.
Menkaure is heavily damaged.
Menkaure hits you!!
You die...

.......########.#
#......########.#
#...............####
#......#######.....#
#......# #.###.#
#......# #.###.#
#......# #.#...#
######## #.#####.#
#..@M...# #########


You could see Menkaure.

Vanquished Creatures
  2 adders (D:4)
  8 endoplasms
  3 giant cockroaches
  2 goblins
  3 hobgoblins
  3 kobolds (D:1)
  2 quokkas
  2 ball pythons
  6 bats
  A frilled lizard (D:2)
  5 rats
37 creatures vanquished.

Notes
Turn   | Place    | Note
-------+----------+-------------------------------------------
     0 | D:1      | leavemydog the Gnoll Fighter began the quest for the Orb.
     0 | D:1      | Reached XP level 1. HP: 23/23 MP: 1/1
   158 | D:1      | Found a faded altar of an unknown god.
   201 | D:1      | Reached XP level 2. HP: 20/29 MP: 2/2
  1351 | D:2      | Reached XP level 3. HP: 35/35 MP: 3/3
  2058 | D:3      | Reached skill level 1 in Invocations
  2364 | D:4      | Identified the +2 sling "Okkexkel" {freeze, Dex+2}
  2556 | D:4      | Reached skill level 1 in Short Blades
  2556 | D:4      | Reached skill level 1 in Long Blades
  2556 | D:4      | Reached skill level 1 in Maces & Flails
  2556 | D:4      | Reached skill level 1 in Polearms
  2556 | D:4      | Reached skill level 1 in Staves
  2556 | D:4      | Reached skill level 1 in Ranged Weapons
  2556 | D:4      | Reached skill level 1 in Throwing
  2556 | D:4      | Reached skill level 1 in Dodging
  2556 | D:4      | Reached skill level 1 in Stealth
  2556 | D:4      | Reached skill level 1 in Unarmed Combat
  2556 | D:4      | Reached skill level 1 in Spellcasting
  2556 | D:4      | Reached skill level 1 in Evocations
  2650 | D:4      | Reached XP level 4. HP: 33/41 MP: 5/5
  2737 | D:4      | Noticed Menkaure
  2742 | D:4      | Mangled by Menkaure

Illustrated notes

Levels and vault maps discovered:
D:1:      dpeg_arrival_stonehenge_8_columns, layout_loops_ring,
          hellmonk_ecumenical_altar_crossroads
D:2:      layout_loops_ring
D:3:      layout_loops_corners
D:4:      layout_basic, uniq_menkaure

Skill      XL: |  1  2  3 |
---------------+----------+-----
Invocations    | 1 |  1.1
Short Blades   | 1 |  1.0
Long Blades    | 1 |  1.0
Maces & Flails | 1 |  1.0
Polearms       | 1 |  1.0
Staves         | 1 |  1.0
Ranged Weapons | 1 |  1.0
Throwing       | 1 |  1.0
Dodging        | 1 |  1.0
Stealth        | 1 |  1.0
Unarmed Combat | 1 |  1.0
Spellcasting   | 1 |  1.0
Evocations     | 1 |  1.0
Fighting       | |  6.6
Axes           | |  4.6
Armour         | |  6.6
Shields        | |  6.6
Conjurations   | |  0.8
Hexes          | |  0.8
Summonings     | |  0.8
Necromancy     | |  0.8
Translocations | |  0.8
Transmutations | |  0.8
Fire Magic     | |  0.8
Ice Magic      | |  0.8
Air Magic      | |  0.8
Earth Magic    | |  0.8
Poison Magic   | |  0.8

Action                   |  1- 3 |  4- 6 || total
-------------------------+-------+-------++-------
Melee: War axe           |   106 |     3 ||   109
       Bite              |     9 |     1 ||    10
Armor: Scale mail        |    56 |       ||    56
Dodge: Dodged            |    30 |       ||    30
Block: Buckler           |    25 |       ||    25

Table legend: (Time is in decaauts)
 A = Elapsed time spent in this place.
 B = Non-inter-level travel time spent in this place.
 C = Inter-level travel time spent in this place.
 D = Time resting spent in this place.
 E = Time spent auto-exploring this place.
 F = Levels seen in this place.
 G = Mean time per level.
                   A        B        C        D        E       F      G
               +--------+--------+--------+--------+--------+-----+--------+
         Total |   2774 |   2703 |     71 |     49 |   2363 |   4 |  693.5 |
       Dungeon |   2774 |   2703 |     71 |     49 |   2363 |   4 |  693.5 |
               +--------+--------+--------+--------+--------+-----+--------+

Top non-repeatable levels by time:
     D:3: 921 daAuts
     D:1: 827 daAuts
     D:2: 616 daAuts
     D:4: 408 daAuts
